 Dungeon Sprint DCSS version 0.30-a0-920-g7493c07aab (webtiles) character file.

Game seed: 7432292537787977457

9 dialectric the Sneak (level 2, -9/15 HPs)
             Began as a Spriggan Brigand on Mar 21, 2023.
             Mangled by a boulder beetle (21 damage)
             ... in the Dungeon (Sprint II: "The Violet Keep of Menkaure").
             The game lasted 00:00:56 (68 turns).

dialectric the Sneak (Spriggan Brigand)               Turns: 68, Time: 00:00:56

Health: -9/15      AC:  3    Str:  7    XL:     2   Next: 6%
Magic:  3/3        EV: 16    Int: 12    God:
Gold:   486        SH:  0    Dex: 16    Spells: 1/1 levels left

rFire   . . .      SeeInvis +    a - +2 dagger
rCold   . . .      Faith    .    (no shield)
rNeg    . . .      Spirit   .    b - +0 robe
rPois   .          Reflect  .    (helmet restricted)
rElec   .          Rampage  .    c - +0 cloak
rCorr   .          NoTele   +    (gloves unavailable)
Will    .....                    (boots unavailable)
Stlth   ++++                     (no amulet)
HPRegen 0.22/turn                (no ring)
MPRegen 0.08/turn                (no ring)

@: very quick
A: very small, no large weapons, unfitting armour, see invisible, speed 3
a: no special abilities


You were in the Dungeon.
You visited 1 branch You collected 486 gold pieces.

Inventory:

Hand Weapons
 a - a +2 dagger (weapon)
Missiles
 d - 9 poisoned darts
 e - 2 curare-tipped darts (quivered)
Armour
 b - a +0 robe (worn)
 c - a +0 cloak (worn)
Scrolls
 k - a scroll of blinking
Potions
 f - a potion of curing
 g - a potion of heal wounds
 h - a potion of haste
 i - 2 potions of magic
 j - a potion of berserk rage


   Skills:
 + Level 1.9 Fighting
 + Level 2.4 Short Blades
 - Level 2.7 Throwing
 + Level 1.4 Dodging
 + Level 7.8 Stealth


You had one spell level left.
You didn't know any spells.
Your spell library was empty.

Dungeon Overview and Level Annotations

Branches:
Dungeon (1/1)

Altars:


Innate Abilities, Weirdness & Mutations

You are very small and have problems with some larger weapons.
You are too small for most types of armour.
You have supernaturally acute eyesight. (SInv)
You cover ground extremely quickly. (Speed+++)


Message History

The worm looks as sick as possible!
The worm convulses.
The worm seems to slow down.
The worm is severely wounded.
Throw: 2 darts (curare)
Press: ? - help, Q - select action Shift-Dir - straight line, f/p - worm
Aim: a worm (severely wounded, extremely poisoned, slow, 79% to hit)
You throw a curare-tipped dart. The curare-tipped dart hits the worm.
The worm looks as sick as possible!
The worm convulses.
You kill the worm!
You have reached level 2!
You now have 243 gold pieces.
e - 2 curare-tipped darts (gained 1);
d - a poisoned dart You see here a worm corpse.
d - 5 poisoned darts (gained 4)
There is an open door here.
d - 6 poisoned darts (gained 1)
d - 7 poisoned darts (gained 1)
There is an open door here.
d - 9 poisoned darts (gained 2)
You open the door. 2 boulder beetles come into view.
Found 243 gold pieces.
There is an open door here.
The helpless boulder beetle fails to defend itself.
You impale the boulder beetle!!
The boulder beetle is moderately wounded.
The boulder beetle barely misses you.
There is an open door here.
You hit the boulder beetle but do no damage.
The boulder beetle leaps! x2
Unknown command.
You see here 243 gold pieces.
You now have 486 gold pieces (gained 243).
The boulder beetle curls into a ball and begins rolling! x2
Unknown command.
There is an open door here.
You open the door. The boulder beetle hits you!!
Ouch! That really hurt!
You die...

○° ≈≈ ≈§
§§ +++#
... ##'##
##°#@##
#.B#B.#
####.#°##
##.###B##
#..†##°##
+.##'.°.+
###.##.##
#.###+#
###


You could see 2 boulder beetles.

Vanquished Creatures
  3 worms (D)
3 creatures vanquished.

Vanquished Creatures (others)
  Menkaure (D)
1 creature vanquished.

Grand Total: 4 creatures vanquished

Notes
Turn   | Place    | Note
-------+----------+-------------------------------------------
     0 | D        | dialectric the Spriggan Brigand began the quest for the
                  | Orb.
     0 | D        | Reached XP level 1. HP: 10/10 MP: 2/2
     6 | D        | Reached skill level 7 in Stealth
    35 | D        | Killed Menkaure
    40 | D        | Reached XP level 2. HP: 7/15 MP: 3/3
    56 | D        | Noticed a boulder beetle
    56 | D        | Noticed a boulder beetle
    68 | D        | Mangled by a boulder beetle

Illustrated notes

Levels and vault maps discovered:
D:        the_violet_keep_of_menkaure [sprint2_stairs_cluster_1,
          sprint2_shoproom, sprint2_temple, sprint2_basic_supplies,
          sprint2_obstacle_3, sprint2_obstacle_4, sprint2_obstacle_5,
          sprint2_obstacle_6, sprint2_obstacle_2, sprint2_timed_cluster_1,
          sprint2_smallroom_cluster_1, sprint2_smallroom_final_cluster_1,
          sprint2_transparent_cluster_1, sprint2_second_timed_cluster_1,
          sprint2_sniper_area_1, sprint2_heavy_combat_area_1,
          sprint2_mutation_trap_area_1, sprint2_forest_area_1,
          sprint2_light_combat_area_1, sprint2_behind_water_1,
          sprint2_near_end_vault_1]

Skill      XL: |  1 |
---------------+----+-----
Stealth        | 7 |  7.8
Fighting       | |  1.9
Short Blades   | |  2.4
Throwing       | |  2.7
Dodging        | |  1.4

Action                     || total
---------------------------++-------
  Melee: Dagger            ||     4
  Throw: Dart              ||    17
   Stab: Sleeping          ||     1
  Dodge: Dodged            ||     1

Table legend: (Time is in decaauts)
 A = Elapsed time spent in this place.
 B = Non-inter-level travel time spent in this place.
 C = Inter-level travel time spent in this place.
 D = Time resting spent in this place.
 E = Time spent auto-exploring this place.
 F = Levels seen in this place.
 G = Mean time per level.
                   A        B        C        D        E       F      G
               +--------+--------+--------+--------+--------+-----+--------+
         Total |     51 |     51 |      0 |      0 |      0 |   1 |   51.0 |
       Dungeon |     51 |     51 |      0 |      0 |      0 |   1 |   51.0 |
               +--------+--------+--------+--------+--------+-----+--------+

Top non-repeatable levels by time:
       D: 51 daAuts
